 Dungeon Crawl Stone Soup version 0.24-a0-429-g4608c8fa30 (webtiles) character file.

Game seed: 2425509369913104754

11146 Ijustatesigmund the Fighter (level 11, -4/126 HPs)
             Began as an Ogre Fighter on June 13, 2019.
             Was a Priest of Cheibriados.
             Slain by a ghost moth zombie (7 damage)
             ... on level 1 of the Abyss.
             The game lasted 00:20:50 (11049 turns).

Ijustatesigmund the Fighter (Ogre Fighter)         Turns: 11049, Time: 00:20:51

Health: -4/126     AC:  8    Str: 33    XL:     11   Next: 73%
Magic:  25/25      EV:  8    Int: 22    God:    Cheibriados [***...]
Gold:   506        SH: 16    Dex: 13    Spells: 10/10 levels left

rFire    + . .     SeeInvis +   p - +8 lance "Wyrmbane" {slay drac, rPois rF+ rC+ AC+3}
rCold    + . .     Gourm    .   c - +0 large shield (curse)
rNeg     . . .     Faith    .   b - +2 robe
rPois    +         Spirit   .   (helmet restricted)
rElec    +         Reflect  .   (no cloak)
rCorr    .         Harm     .   (gloves unavailable)
MR       +....     Rnd*Rage +   (boots unavailable)
Stlth    +.........             (no amulet)
HPRegen  0.31/turn              m - ring of Xagois {rElec MP+9 Int+7}
MPRegen  0.19/turn              n - ring of see invisible

@: mighty, berserk cooldown, slowed, very slow
A: large, unfitting armour, [berserk 1], [clumsy 2], screaming 2, tough skin 1
a: Bend Time, Temporal Distortion, Renounce Religion


You were on level 1 of the Abyss.
You worshipped Cheibriados.
Cheibriados was most pleased with you.
You were hungry.

You visited 1 branch of the dungeon, and saw 11 of its levels.
You visited the Abyss 1 time.

You collected 506 gold pieces.

Inventory:

Hand Weapons
 a - a +1 flail
 p - the +8 lance "Wyrmbane" (weapon) {slay drac, rPois rF+ rC+ AC+3}
   (You found it on level 6 of the Dungeon)

   It affects your AC (+3).
   It protects you from fire.
   It protects you from cold.
   It protects you from poison.
 w - a +0 giant spiked club
Missiles
 u - a throwing net (quivered)
Armour
 b - a +2 robe (worn)
 c - a cursed +0 large shield (worn)
Jewellery
 m - the ring of Xagois (left hand) {rElec MP+9 Int+7}
   (You found it on level 9 of the Dungeon)

   [ring of magical power]

   It affects your intelligence (+7).
   It insulates you from electricity.
   It affects your magic capacity (+9).
 n - a ring of see invisible (right hand)
 s - the ring of the Prince {rF+ MP+9 Int-2 Stlth+}
   (You found it on level 9 of the Dungeon)

   [ring of magical power]

   It affects your intelligence (-2).
   It protects you from fire.
   It affects your magic capacity (+9).
   It makes you more stealthy.
Wands
 r - a wand of disintegration (7)
 x - a wand of iceblast (11)
 y - a wand of flame (16)
Scrolls
 g - a scroll of enchant armour
 j - 3 scrolls of immolation
 o - a scroll of fog
 q - 3 scrolls of identify
 A - a scroll of remove curse
 C - a scroll of enchant weapon
Potions
 d - a potion of might
 e - a potion of agility
 h - 3 potions of flight
 k - 2 potions of lignification
 l - a potion of magic
 t - 2 potions of haste
 v - a potion of curing
 z - a potion of cancellation
Comestibles
 f - 13 rations


   Skills:
 + Level 12.9 Fighting
 - Level 5.8 Maces & Flails
 + Level 11.1 Polearms
 + Level 5.4 Dodging
 - Level 3.3 Shields
 + Level 7.1 Invocations


You had 10 spell levels left.
You didn't know any spells.
Your spell library contained the following spells:

 Spells                   Type           Power        Failure   Level  Hunger
 Animate Skeleton         Necr           N/A          90%         1    ##.....
 Confusing Touch          Hex            #.....       90%         1    ##.....
 Pain                     Necr           #...         90%         1    ##.....
 Confuse                  Hex            #.......     99%         3    ####...
 Gell's Gravitas          Tloc           #.........   99%         3    ####...
 Regeneration             Chrm/Necr      #.........   99%         3    ####...
 Vampiric Draining        Necr           #.........   99%         3    ####...
 Animate Dead             Necr           N/A          100%        4    #####..
 Petrify                  Tmut/Erth      #.......     100%        4    #####..
 Metabolic Englaciation   Hex/Ice        #.........   100%        5    ######.
 Yara's Violent Unravell  Hex/Tmut       #.........   100%        5    ######.


Dungeon Overview and Level Annotations

Branches:
Dungeon (11/15)            Temple (0/1) D:6            Lair (0/6) D:8
    Orc: D:9-12

Altars:
Cheibriados
Gozag
Hepliaklqana
Sif Muna
Wu Jian

Annotations:
D:5 Dowan
D:9 exclusion: obsidian statue
D:11 Sonja


Innate Abilities, Weirdness & Mutations

You are too large for most types of armour.
You have tough skin. (AC +1)
You sometimes yell uncontrollably at your foes.
[You tend to lose your temper in combat.]
[You are very clumsy. (Dex -4)]


Message History

You barely miss the ghost moth zombie.
The ghost moth zombie is heavily damaged.
The ghost moth zombie hits you but does no damage. x2
You block the ghost moth zombie's attack.
You barely miss the ghost moth zombie.
The ghost moth zombie is heavily damaged.
You block the ghost moth zombie's attack.
The ghost moth zombie hits you!
* * * LOW HITPOINT WARNING * * *
The ghost moth zombie hits you but does no damage.
You impale the ghost moth zombie!!
The ghost moth zombie is severely damaged.
The ghost moth zombie barely misses you.
You block the ghost moth zombie's attack.
The ghost moth zombie hits you.
* * * LOW HITPOINT WARNING * * *
You impale the ghost moth zombie!!
The ghost moth zombie is almost destroyed.
The ghost moth zombie hits you!
You die...

###.
###.....#... ...
#...........
.... .
.........# . . .
.. ........ . .
... . .
#.....##.. #...
.# #.....#....
#....## #)Z....#
. #...
###@.....##. .
#...
#........... .
....#...... #
.............###
. .
###..........
### .# ..
.........# .
.#........##
#.#........## .
#. ....


You could see a ghost moth zombie.

Vanquished Creatures
  A tentacled starspawn (Abyss:1)
  A hydra (D:11)
  A two-headed ogre (D:8)
  Urug (D:9)
  An unseen horror (D:10)
  A wretched star (Abyss:1)
  Joseph (D:8)
  Maurice (D:10)
  A centaur skeleton (D:10)
  2 komodo dragons
  An efreet (Abyss:1)
  2 hippogriffs
  2 small abominations (Abyss:1)
  A fire bat (Abyss:1)
  6 yaks
  A hungry ghost (D:9)
  A large abomination (Abyss:1)
  A neqoxec (Abyss:1)
  A black bear (D:9)
  An orc warrior (D:9)
  A sky beast (D:9)
  5 ogres
  2 necrophages (D:10)
  3 phantoms
  A centaur (D:10)
  2 big kobolds
  4 bullfrogs
  4 scorpions
  A howler monkey (D:6)
  6 crimson imps
  A bullfrog zombie (D:8)
  5 hounds
  3 jellies
  3 orc priests
  3 iguanas
  Natasha (D:3)
  7 orc wizards
  6 worker ants
  A hound skeleton (D:9)
  5 gnolls
  10 adders
  A howler monkey skeleton (D:9)
  A shadow imp (D:11)
  2 worms
  5 dart slugs
  8 leopard geckos
  20 orcs
  7 bats
  8 giant cockroaches
  8 hobgoblins
  6 jackals
  A quokka (D:2)
  5 frilled lizards
  5 goblins
  16 kobolds
  5 rats
  2 starspawn tentacles (Abyss:1)
202 creatures vanquished.

Vanquished Creatures (others)
  A plant (D:8)
  A starspawn tentacle (Abyss:1)
2 creatures vanquished.

Grand Total: 204 creatures vanquished

Notes
Turn   | Place    | Note
-------+----------+-------------------------------------------
     0 | D:1      | Ijustatesigmund the Ogre Fighter began the quest for the
                  | Orb.
     0 | D:1      | Reached XP level 1. HP: 24/24 MP: 1/1
   160 | D:1      | Reached XP level 2. HP: 17/32 MP: 2/2
   528 | D:1      | Reached XP level 3. HP: 31/40 MP: 3/3
  1368 | D:2      | Reached XP level 4. HP: 33/49 MP: 4/4
  1567 | D:2      | Found a deep blue altar of Sif Muna.
  1928 | D:3      | Found an opulent altar of Gozag.
  1928 | D:3      | Found a hazy altar of Hepliaklqana.
  2398 | D:3      | Found a faded altar of an unknown god.
  2481 | D:3      | Noticed Natasha
  2487 | D:3      | Killed Natasha
  2487 | D:3      | Reached skill level 5 in Fighting
  2487 | D:3      | Reached XP level 5. HP: 50/57 MP: 5/5
  2670 | D:4      | Noticed an ogre
  2772 | D:4      | Killed an ogre
  2772 | D:4      | Reached XP level 6. HP: 53/67 MP: 6/6
  3223 | D:4      | Reached skill level 6 in Fighting
  3805 | D:5      | Entered Level 5 of the Dungeon
  3895 | D:5      | Noticed a phantom
  3937 | D:5      | Killed a phantom
  3937 | D:5      | Reached skill level 5 in Maces & Flails
  3937 | D:5      | Reached XP level 7. HP: 51/76 MP: 7/7
  3990 | D:5      | Noticed Dowan
  4431 | D:6      | Found a staircase to the Ecumenical Temple.
  4440 | D:6      | Reached skill level 7 in Fighting
  4733 | D:6      | Found the +8 lance "Wyrmbane" {slay drac, rPois rF+ rC+
                  | AC+3}
  4801 | D:6      | Found an ornate altar of the Wu Jian Council.
  4872 | D:6      | Reached skill level 1 in Polearms
  5130 | D:7      | Reached XP level 8. HP: 66/88 MP: 8/8
  5165 | D:6      | Reached skill level 8 in Fighting
  5427 | D:7      | You fall into a shaft and drop 3 floors!
  5427 | D:10     | Entered Level 10 of the Dungeon
  5558 | D:8      | Noticed a hippogriff
  5566 | D:8      | Killed a hippogriff
  5566 | D:8      | Reached skill level 5 in Polearms
  5638 | D:8      | Reached skill level 9 in Fighting
  5714 | D:8      | Found a staircase to the Lair.
  5715 | D:8      | Noticed a komodo dragon
  5741 | D:8      | Noticed a two-headed ogre
  5747 | D:8      | Killed a two-headed ogre
  5747 | D:8      | Reached XP level 9. HP: 88/101 MP: 9/9
  5764 | D:8      | Killed a komodo dragon
  5764 | D:8      | Reached skill level 10 in Fighting
  6415 | D:8      | Found a snail-covered altar of Cheibriados.
  6423 | D:8      | Became a worshipper of Cheibriados the Contemplative
  6566 | D:8      | Noticed Joseph
  6589 | D:8      | Killed Joseph
  6589 | D:8      | Reached skill level 1 in Invocations
  7210 | D:9      | Reached XP level 10. HP: 111/111 MP: 11/11
  7337 | D:9      | Noticed an obsidian statue
  7352 | D:9      | Noticed a sun demon
  7734 | D:9      | Reached skill level 11 in Fighting
  8224 | D:9      | Got a flickering bone ring
  8226 | D:9      | Noticed a rust devil
  8228 | D:9      | Got a slimy tin ring
  8256 | D:9      | Identified the ring of Xagois {rElec MP+9 Int+7} (You found
                  | it on level 9 of the Dungeon)
  8257 | D:9      | Identified the ring of the Prince {rF+ MP+9 Int-2 Stlth+}
                  | (You found it on level 9 of the Dungeon)
  8392 | D:10     | Reached * piety under Cheibriados
  8721 | D:10     | Noticed Maurice
  8731 | D:10     | Killed Maurice
  8744 | D:10     | Noticed an unseen horror
  8757 | D:10     | Killed an unseen horror
  8778 | D:10     | Reached skill level 10 in Polearms
  8803 | D:10     | Noticed Urug
  9132 | D:9      | Reached skill level 5 in Invocations
  9362 | D:9      | Killed Urug
  9559 | D:10     | Reached skill level 12 in Fighting
  9559 | D:10     | Reached XP level 11. HP: 117/123 MP: 15/15
  9601 | D:10     | Reached ** piety under Cheibriados
 10209 | D:11     | Noticed a five-headed hydra
 10221 | D:11     | Killed a five-headed hydra
 10730 | D:11     | Noticed Sonja
 10732 | D:11     | Cast into level 1 of the Abyss (Sonja)
 10790 | Abyss:1  | Gained mutation: You occasionally shout uncontrollably at
                  | your foes. [a neqoxec]
 10797 | Abyss:1  | Gained mutation: You sometimes yell uncontrollably at your
                  | foes. [a neqoxec]
 11009 | Abyss:1  | Noticed a wretched star
 11011 | Abyss:1  | Noticed a tentacled starspawn
 11023 | Abyss:1  | Killed a tentacled starspawn
 11023 | Abyss:1  | Reached skill level 5 in Dodging
 11032 | Abyss:1  | Killed a wretched star
 11036 | Abyss:1  | Reached *** piety under Cheibriados
 11048 | Abyss:1  | HP: 3/126 [ghost moth zombie (5)]
 11049 | Abyss:1  | Slain by a ghost moth zombie

Levels and vault maps discovered:
D:1:      lightli_arrival_maybe_door_vault, layout_loops_ring
D:2:      layout_loops_cross, led_sif_pool
D:3:      layout_loops_ring, nicolae_overflow_hidden_temple,
          chequers_ecumenical_altar_simple_redux, minmay_fountain_box,
          uniq_natasha
D:4:      layout_loops_cross, first_ration
D:5:      lemuel_castle_with_subvaults [lemuel_castle_interior_carwin_3],
          layout_basic, lemuel_crystal_altar, uniq_duvessa
D:6:      layout_basic, kennysheep_mini, minmay_temple_entry_grid, st_stairs_4,
          minmay_misc_feat_nine_boxes
D:7:      layout_basic, serial_shops, kennysheep_mini_moat, grunt_ogre_cave,
          guppyfry_shop_venom, uniq_harold
D:8:      layout_loops_ring, lemuel_coloured_pillars_altar, david_lair_shrubbed,
          kennysheep_small_circle, uniq_joseph
D:9:      layout_irregular_city, minmay_protected_statue
D:10:     layout_layer_cave, chequers_serial_rivers_small_b, uniq_urug,
          uniq_maurice
D:11:     layout_big_octagon, basic_altar, enter_trove_3, uniq_sonja,
          uniq_erolcha, uniq_grum
Abyss:1:  lemuel_flamethrower_3

Skill      XL: |  1  2  3  4  5  6  7  8  9 10 11 |
---------------+----------------------------------+-----
Maces & Flails | 2 3 5 |  5.8
Dodging        | 3 5 |  5.4
Shields        | 3 |  3.3
Fighting       | 5 6 7 9 10 12 | 12.9
Polearms       | 2 7 8 10 11 | 11.1
Invocations    | 2 5 7 |  7.1

Action                   |  1- 3 |  4- 6 |  7- 9 | 10-12 || total
-------------------------+-------+-------+-------+-------++-------
Melee: Flail             |   114 |   156 |    66 |       ||   336
       Lance             |       |       |   199 |   313 ||   512
Evoke: Wand              |       |       |       |     1 ||     1
  Use: Scroll            |     7 |     6 |     9 |     5 ||    27
       Potion            |       |     1 |     1 |     9 ||    11
 Stab: Sleeping          |       |     1 |     1 |       ||     2
       Distracted        |       |       |       |     1 ||     1
  Eat: Chunk             |     1 |     8 |     5 |     5 ||    19
       Ration            |       |       |     2 |     1 ||     3
Armor: Robe              |    26 |    39 |    39 |    57 ||   161
Dodge: Dodged            |    34 |    62 |    53 |    47 ||   196
Block: Shield            |    45 |    57 |    52 |       ||   154
       Large shield      |       |       |    54 |   154 ||   208

Table legend:
 A = Non-vault XP
 B = Vault XP
 C = Vault XP percentage of total XP
 D = Non-vault monster count
 E = Vault monster count
 F = Vault count percentage of total count
                 A         B        C        D         E       F
            +---------+---------+-------+---------+---------+-------
      Total |   13723 |    2201 |  13.8 |     190 |      10 |   5.0
            +---------+---------+-------+---------+---------+-------
        D:1 |      53 |       0 |   0.0 |      29 |       0 |   0.0
        D:2 |      41 |       0 |   0.0 |      13 |       0 |   0.0
        D:3 |      46 |      35 |  43.2 |      10 |       1 |   9.1
        D:4 |     352 |       0 |   0.0 |      17 |       0 |   0.0
        D:5 |     158 |      20 |  11.2 |       3 |       4 |  57.1
        D:6 |     558 |       0 |   0.0 |      11 |       0 |   0.0
        D:7 |     556 |       0 |   0.0 |      15 |       0 |   0.0
        D:8 |    1400 |     854 |  37.9 |      15 |       3 |  16.7
        D:9 |    1614 |     843 |  34.3 |      21 |       1 |   4.5
       D:10 |    3080 |     449 |  12.7 |      32 |       1 |   3.0
       D:11 |    1697 |       0 |   0.0 |      15 |       0 |   0.0
    Abyss:1 |    4168 |       0 |   0.0 |       9 |       0 |   0.0
            +---------+---------+-------+---------+---------+-------
